 Dungeon Crawl Stone Soup version 0.28-a0-1117-g0bdd5ba030 (webtiles) character file.

Game seed: 2426765899845288415

1177 spiderkeys the Skirmisher (level 8, 0/61 HPs)
             Began as a Djinni Abyssal Knight on Dec 12, 2021.
             Was a Follower of Lugonu.
             Slain by an orc (4 damage)
             ... on level 3 of the Dungeon.
             The game lasted 00:04:14 (3345 turns).

spiderkeys the Skirmisher (Djinni Abyssal Knight)   Turns: 3345, Time: 00:04:15

Health: 0/61       AC:  4    Str: 18    XL:     8   Next: 69%
Gold:   76         EV: 13    Int: 15    God:    Lugonu [*.....] SH:  0 Dex: 13

rFire   + + .      SeeInvis .   a - +1 falchion
rCold   x . .      Faith    .   (no shield)
rNeg    . . .      Spirit   .   b - +0 leather armour
rPois   ∞          Reflect  .   (no helmet)
rElec   .          Harm     .   (no cloak)
rCorr   .          Rampage  .   j - +0 pair of gloves
Will    .....                   (boots unavailable)
Stlth   +.........              (no amulet)
HPRegen 0.20/turn               S - +6 ring of strength
MPRegen 0.00/turn               (no ring)

@: flying
A: sickness immunity, fire resistance 2, cold vulnerability 1, float, innate
caster, hp casting, extra vitality 1
a: Renounce Religion, Depart the Abyss


You were on level 3 of the Dungeon.
You worshipped Lugonu.
Lugonu was aware of your devotion.
You visited 1 branch of the dungeon, and saw 3 of its levels.
You visited the Abyss 1 time.

You collected 76 gold pieces.


Innate Abilities, Weirdness & Mutations

You are immune to sickness and miasma.
You are immune to poison.
Your flesh is very heat resistant. (rF++)
You are vulnerable to cold. (rC-)
You float through the air rather than walking.
You learn spells naturally, not from books.
Your magical power is your life essence.
You have superior vitality. (+4 HP)


   Skills:
 + Level 5.6 Fighting
 + Level 2.1 Long Blades
 - Level 1.0 Armour
 + Level 5.6 Dodging
 * Level 5.0 Spellcasting
 - Level 1.7 Invocations


You had 11 spell levels left.
You knew the following spells:

 Your Spells              Type           Power      Damage    Failure   Level
c - Conjure Flame         Conj/Fire      19%        6-21      7%          3
e - Ensorcelled Hibernat  Hex/Ice        38%        N/A       3%          2
z - Sting                 Tmut/Pois      76%        1d6       2%          1
Your spell library was empty.

Inventory:

Hand Weapons
 a - a +1 falchion (weapon)
 d - a +0 rapier
   (You found it on level 1 of the Dungeon)
Missiles
 c - 10 stones
 g - 11 poisoned darts
 m - 8 arrows
 p - 10 sling bullets
Armour
 b - a +0 leather armour (worn)
 j - a +0 pair of gloves (worn)
   (You found it on level 1 of the Dungeon)
Jewellery
 S - a +6 ring of strength (left hand)
   (You found it on level 2 of the Dungeon)
Scrolls
 f - 2 scrolls of identify {unknown}
 i - a scroll of amnesia {unknown}
 k - 2 scrolls of teleportation {unknown}
 n - a scroll of fog {unknown}
 o - a scroll of noise {unknown}
 q - a scroll of enchant weapon {unknown}
Potions
 e - 3 potions of curing {unknown}
 h - a potion of attraction {unknown}
 l - a potion of degeneration {unknown}

Dungeon Overview and Level Annotations

Branches:
Dungeon (3/15)

Altars:

Shops:
D:1

! .# .# # ## ##..
..... .# .....#### .#
.#......##.#
......oo...### . ..
###@..../## ..# .#.
..###.......... .#
#.. #..........#...
## ..# #####......# #
# ..# #.)....# #
##..# ##...>..#
###...# #....!..#
#...# #.......#
..#.#########.......#


You could see an orc priest and an orc.


Message History

An endoplasm is nearby!
Things that are here:
a +0 dagger; a +0 ring mail; an orc corpse The endoplasm quivers.
The endoplasm freezes you.
You are frozen.
You feel a terrible chill!
An orc comes into view. It is wielding a +0 hand axe. 😕 HP[-4]
You take 4 damage, and now have 57/61 hp.
You slash the endoplasm!
You kill the endoplasm!
Lugonu accepts your kill.
An orc comes into view. It is wielding a +0 club.
The orc closely misses you. 😕 HP[+1]
You barely miss the orc.
The orc hits you with a +0 hand axe. 😕 HP[-2]
You take 2 damage, and now have 56/61 hp.
You hit the orc. The orc barely misses you.
You closely miss the orc.
An orc priest comes into view. It is wielding a +0 trident.
The orc completely misses you.
You hit the orc but do no damage. The orc misses you.
You closely miss the orc. The orc hits you with a +0 hand axe.
The orc priest hits you from afar with a +0 trident.
The orc completely misses you. 😕 HP[-5]
You take 5 damage, and now have 51/61 hp.
You hit the orc.
You kill the orc!
Lugonu accepts your kill.
The orc priest hits you from afar with a +0 trident. 😕 HP[-5]
You take 5 damage, and now have 46/61 hp.
You hit the orc.
The orc priest hits you from afar with a +0 trident.
The orc closely misses you. 😮 HP[-5]
You take 5 damage, and now have 41/61 hp.
You are too injured to fight recklessly!
You are too injured to fight recklessly!
You hit the orc but do no damage. The orc priest closely misses you.
The orc closely misses you.
You hit the orc. The orc priest closely misses you. The orc misses you.
The orc priest calls upon Beogh to heal the orc.
The orc's wounds heal themselves! 😮 HP[+1]
You hit the orc. The orc hits you but does no damage.
The orc priest hits you from afar with a +0 trident.
The orc hits you but does no damage. 😮 HP[-2]
You take 2 damage, and now have 40/61 hp.
You slash the orc!
You kill the orc!
Lugonu accepts your kill. The orc priest closely misses you.
An orc comes into view. It is wielding a +0 club.
The orc priest hits you with a +0 trident.
Items here: )) [[ †. 😮 HP[-2]
You take 2 damage, and now have 38/61 hp.
The orc shouts!
You hit the orc priest but do no damage.
The orc priest casts a cantrip, but nothing happens. 😮 HP[+1]
You closely miss the orc priest. The orc priest barely misses you.
The orc hits you with a +0 club. 😮 HP[-4]
You take 4 damage, and now have 35/61 hp.
You slash the orc priest! The orc priest completely misses you.
The orc hits you with a +0 club.
The orc priest hits you with a +0 trident. 😮 HP[-4]
You take 4 damage, and now have 31/61 hp.
You hit the orc priest but do no damage.
The orc misses you.
The orc priest invokes the aid of Beogh against you.
Beogh smites you!
* * * LOW HITPOINT WARNING * * *
😨 HP[-10]
You take 10 damage, and now have 21/61 hp.
You closely miss the orc priest. The orc barely misses you.
The orc priest hits you with a +0 trident.
* * * LOW HITPOINT WARNING * * *
The orc hits you but does no damage. 😨 HP[-1]
You take 1 damage, and now have 20/61 hp.
You closely miss the orc priest.
The orc priest mumbles some strange prayers to Beogh against you.
Beogh smites you!
* * * LOW HITPOINT WARNING * * *
The orc hits you with a +0 club.
* * * LOW HITPOINT WARNING * * *
😱 HP[-16]
You take 16 damage, and now have 4/61 hp.
MASSIVE DAMAGE!! (PAUSE)
You hit the orc priest. The orc priest closely misses you.
The orc hits you with a +0 club.
You die...

Skill      XL: |  1  2  3  4  5  6  7  8 |
---------------+-------------------------+-----
Fighting       | 5 |  5.6
Dodging        | 5 |  5.6
Spellcasting   | 4 5 |  5.0
Long Blades    | 2 |  2.1
Armour         | |  1.0
Invocations    | |  1.7

Action                   |  1- 3 |  4- 6 |  7- 9 || total
-------------------------+-------+-------+-------++-------
Melee: Falchion          |       |       |   215 ||   215
 Cast: Sting             |       |       |     4 ||     4
       Conjure Flame     |       |       |     2 ||     2
Invok: Depart the Abyss  |       |       |     1 ||     1
Evoke: Wand              |     5 |       |     1 ||     6
 Stab: Sleeping          |       |       |     3 ||     3
Armor: Leather armour    |       |       |    64 ||    64
Dodge: Dodged            |       |       |   189 ||   189

Levels and vault maps discovered:
D:1:      co_arrival_square_in_a_square_in_a_square, layout_loops_corners,
          serial_shops, nicolae_shop_behind_doors,
          hellmonk_ecumenical_altar_leap_of_faith
D:2:      layout_loops_corners, grunt_ministairs_12, minmay_diced_spiral
D:3:      layout_rooms, nicolae_figureground_sparkle, uniq_jessica,
          uniq_crazy_yiuf_cottage

Notes
Turn   | Place    | Note
-------+----------+-------------------------------------------
     0 | Abyss:1  | spiderkeys the Djinni Abyssal Knight began the quest for
                  | the Orb.
     0 | Abyss:1  | Reached XP level 1. HP: 20/20 MP: 0/0
     0 | Abyss:1  | magus.rc [v1.9.10]
   119 | Abyss:1  | Noticed a tentacled starspawn
   185 | Abyss:2  | Noticed a tentacled starspawn
   186 | Abyss:2  | Noticed a ynoxinul
   190 | Abyss:2  | Killed a tentacled starspawn
   191 | Abyss:2  | Reached skill level 5 in Fighting
   191 | Abyss:2  | Reached skill level 5 in Dodging
   191 | Abyss:2  | Reached skill level 4 in Spellcasting
   191 | Abyss:2  | Reached XP level 2. HP: 21/28 MP: 0/0
   191 | Abyss:2  | Reached XP level 3. HP: 25/33 MP: 0/0
   191 | Abyss:2  | Learned a level 1 spell: Sting
   191 | Abyss:2  | Reached XP level 4. HP: 30/39 MP: 0/0
   191 | Abyss:2  | Reached XP level 5. HP: 33/43 MP: 0/0
   191 | Abyss:2  | Learned a level 2 spell: Ensorcelled Hibernation
   191 | Abyss:2  | Reached XP level 6. HP: 37/49 MP: 0/0
   191 | Abyss:2  | Reached XP level 7. HP: 41/54 MP: 0/0
   191 | Abyss:2  | Learned a level 3 spell: Conjure Flame
   191 | Abyss:2  | Reached XP level 8. HP: 46/60 MP: 0/0
   197 | Abyss:2  | HP: 2/60 [ynoxinul/iron shot (24)]
   198 | D:1      | You pass through the gate.
   198 | D:1      | Escaped the Abyss
   509 | D:1      | Found a faded altar of an unknown god.
   653 | D:1      | Found Mevauklere's Distillery.
   725 | D:1      | Reached * piety under Lugonu
  2881 | D:3      | Reached skill level 2 in Long Blades
  2902 | D:3      | Noticed Jessica
  2913 | D:3      | Killed Jessica
  2914 | D:3      | Reached skill level 5 in Spellcasting
  2937 | D:3      | HP: 11/60 [hound (5)]
  3344 | D:3      | HP: 6/61 [orc priest/divine providence (14)]
  3345 | D:3      | Slain by an orc

Vanquished Creatures
  A tentacled starspawn (Abyss:2)
  A hound (D:3)
  Jessica (D:3)
  3 adders
  5 dart slugs
  4 orcs (D:3)
  4 bats
  6 endoplasms
  2 giant cockroaches
  4 goblins (D:1)
  4 hobgoblins (D:1)
  4 jackals (D:1)
  4 kobolds
  4 quokkas
  5 ball pythons
  3 frilled lizards
  5 rats
  A starspawn tentacle (Abyss:2)
61 creatures vanquished.

Vanquished Creatures (others)
  6 starspawn tentacles
6 creatures vanquished.

Grand Total: 67 creatures vanquished

Table legend:
 A = Non-vault XP
 B = Vault XP
 C = Vault XP percentage of total XP
 D = Non-vault monster count
 E = Vault monster count
 F = Vault count percentage of total count
                 A         B        C        D         E       F
            +---------+---------+-------+---------+---------+-------
      Total |    1607 |      75 |   4.5 |      52 |       8 |  13.3
            +---------+---------+-------+---------+---------+-------
        D:1 |      51 |      13 |  20.3 |      28 |       1 |   3.4
        D:2 |      16 |      25 |  61.0 |       9 |       6 |  40.0
        D:3 |      84 |      37 |  30.6 |      14 |       1 |   6.7
    Abyss:2 |    1456 |       0 |   0.0 |       1 |       0 |   0.0
            +---------+---------+-------+---------+---------+-------

Illustrated notes

Table legend:
 A = Kills in this place as a percentage of kills in entire the game.
 B = Kills by you in this place as a percentage of kills by you in the entire game.
 C = Kills by friends in this place as a percentage of kills by friends in the entire game.
 D = Other kills in this place as a percentage of other kills in the entire game.
 E = Experience gained in this place as a percentage of experience gained in the entire game.
 F = Experience gained in this place divided by the number of levels of this place that you have seen.
                   A       B       C       D       E      F
               +-------+-------+-------+-------+-------+----------------------
         Total | 100.0 | 100.0 |   N/A |   N/A | 100.0 | 336.4
       Dungeon |  98.3 |  98.3 |   N/A |   N/A |  13.4 |  75.3
         Abyss |   1.7 |   1.7 |   N/A |   N/A |  86.6 | 728.0
               +-------+-------+-------+-------+-------+----------------------

Table legend: (Time is in decaauts)
 A = Elapsed time spent in this place.
 B = Non-inter-level travel time spent in this place.
 C = Inter-level travel time spent in this place.
 D = Time resting spent in this place.
 E = Time spent auto-exploring this place.
 F = Levels seen in this place.
 G = Mean time per level.
                   A        B        C        D        E       F      G
               +--------+--------+--------+--------+--------+-----+--------+
         Total |   3389 |   3322 |     67 |    691 |   2052 |   5 |  677.8 |
       Dungeon |   3191 |   3124 |     67 |    691 |   1934 |   3 | 1063.7 |
         Abyss |    198 |    198 |      0 |      0 |    118 |   2 |   99.0 |
               +--------+--------+--------+--------+--------+-----+--------+

Top non-repeatable levels by time:
     D:1: 1649 daAuts
     D:2: 1266 daAuts
     D:3: 276 daAuts
 Abyss:1: 154 daAuts
 Abyss:2: 44 daAuts
